 Dungeon Crawl Stone Soup version 0.22.1-1-ga44c0e5 (webtiles) character file.

866 harcile the Slasher (level 8, -12/70 HPs)
             Began as a Hill Orc Fighter on Oct 4, 2018.
             Killed by divine providence
             ... invoked by an orc priest
              (14 damage)
             ... on level 4 of the Dungeon.
             The game lasted 00:09:18 (3571 turns).

harcile the Slasher (Hill Orc Fighter)              Turns: 3571, Time: 00:09:18

Health: -12/70     AC:  7    Str: 20    XL:     8   Next: 3%
Magic:  8/8        EV:  8    Int:  8    God:
Gold:   237        SH: 10    Dex: 11    Spells: 7/7 levels left

rFire    . . .     SeeInvis .   a - +1 long sword
rCold    . . .     Gourm    .   c - +0 shield
rNeg     . . .     Faith    .   b - +0 scale mail
rPois    .         Spirit   .   (no helmet)
rElec    .         Reflect  .   (no cloak)
rCorr    +         Harm     .   i - -1 pair of gloves
MR       .....                  (no boots)
Stlth    ..........             (no amulet)
HPRegen  0.21/turn              s - ring of resist corrosion
MPRegen  0.11/turn              (no ring)

@: no status effects
A: no striking features
a: Convert to Beogh


You were on level 4 of the Dungeon.
You were hungry.

You visited 1 branch of the dungeon, and saw 4 of its levels.

You collected 237 gold pieces.

Inventory:

Hand Weapons
 a - a +1 long sword (weapon)
 w - a +0 mace of holy wrath
Armour
 b - a +0 scale mail (worn)
 c - a +0 shield (worn)
 i - a -1 pair of gloves (worn)
Jewellery
 s - a ring of resist corrosion (left hand)
 x - an uncursed ring of teleportation
Scrolls
 h - a scroll of teleportation
 l - 4 scrolls of identify
 n - a scroll of remove curse
 q - a scroll of blinking {unknown}
Potions
 d - a potion of might
 e - 2 potions of flight
 j - a potion of resistance {unknown}
 k - a potion of heal wounds {unknown}
 m - a potion of ambrosia {unknown}
 r - a potion of brilliance {unknown}
 t - a potion of degeneration {unknown}
 u - a potion of lignification {unknown}
Comestibles
 f - 8 rations


   Skills:
 + Level 5.7 Fighting
 + Level 6.6 Long Blades
 + Level 4.7 Armour
 + Level 1.7 Dodging
 + Level 5.2 Shields


You had 7 spell levels left.
You didn't know any spells.
Your spell library was empty.

Dungeon Overview and Level Annotations

Branches:
Dungeon (4/15)
 Temple: D:4-7

Altars:
Ashenzari
Trog


Message History

You struggle to resist.
You barely miss the orc priest.
The orc priest is moderately wounded.
The orc priest threatens, "By the altar or by the axe, you will meet Beogh!"
The orc priest mumbles some strange prayers to Beogh against you.
Beogh smites you!
* * * LOW HITPOINT WARNING * * *
The orc priest threatens, "By the altar or by the axe, you will meet Beogh!"
You hit the orc priest.
The orc priest is severely wounded.
The orc priest threatens, "By the altar or by the axe, you will meet Beogh!"
You block the orc priest's attack.
You closely miss the orc priest.
The orc priest is severely wounded.
The orc priest barely misses you.
You closely miss the orc priest.
The orc priest is severely wounded.
The orc priest invokes the aid of Beogh against you.
Beogh smites you!
You die...

# ##.. # ...# # #..# ##.
#..# .... #.$# ##.. ..#
#..#####.. # #.#
#.oo...... # #.# #o# #
#.# #@# # #####.####.###
# .....##.....##... #
#..##...รท...... ##.#
#...)..8.......
.#.#######..##..........
P...........##...(..###.
...#######.#####....#
...# ##.## ##.###


You could see an orc priest and 2 orcs.

Vanquished Creatures
  A hippogriff (D:3)
  An ogre (D:4)
  A centaur (D:2)
  Blork the orc (D:4)
  A bullfrog zombie (D:4)
  Ijyb (D:3)
  Terence (D:3)
  2 orc wizards (D:3)
  2 worker ants (D:4)
  2 hound skeletons (D:4)
  4 worker ant zombies (D:4)
  A howler monkey skeleton (D:4)
  6 adders
  2 oozes (D:1)
  4 adder zombies (D:4)
  2 adder skeletons (D:4)
  2 worms
  2 dart slugs (D:1)
  18 orcs
  2 giant cockroaches
  6 goblins
  8 hobgoblins
  11 jackals
  2 quokkas (D:3)
  A ball python (D:1)
  A ball python skeleton (D:2)
  5 bats
  5 frilled lizards
  9 kobolds
  2 quokka skeletons (D:4)
  A quokka zombie (D:4)
  5 rats
112 creatures vanquished.

Notes
Turn   | Place    | Note
-------+----------+-------------------------------------------
     0 | D:1      | harcile the Hill Orc Fighter began the quest for the Orb.
     0 | D:1      | Reached XP level 1. HP: 19/19 MP: 1/1
    73 | D:1      | Reached XP level 2. HP: 22/27 MP: 2/2
   412 | D:1      | Reached XP level 3. HP: 32/33 MP: 3/3
   648 | D:2      | Noticed a centaur
   656 | D:2      | Killed a centaur
   656 | D:2      | Reached skill level 3 in Long Blades
   656 | D:2      | Reached XP level 4. HP: 37/41 MP: 4/4
   760 | D:2      | Found a shattered altar of Ashenzari.
   762 | D:2      | Found a bloodstained altar of Trog.
   799 | D:2      | Reached XP level 5. HP: 27/47 MP: 5/5
   854 | D:2      | Reached skill level 4 in Long Blades
  1556 | D:3      | Noticed Ijyb
  1578 | D:3      | Killed Ijyb
  1632 | D:3      | Reached XP level 6. HP: 33/53 MP: 6/6
  1693 | D:3      | Noticed a hippogriff
  1709 | D:3      | Killed a hippogriff
  1709 | D:3      | Reached skill level 5 in Fighting
  1709 | D:3      | Reached skill level 5 in Long Blades
  1709 | D:3      | Reached skill level 1 in Dodging
  2220 | D:3      | Noticed Terence
  2222 | D:3      | Reached XP level 7. HP: 61/61 MP: 7/7
  2235 | D:3      | Killed Terence
  2611 | D:4      | Noticed Blork the orc
  2645 | D:4      | Killed Blork the orc
  2956 | D:4      | Reached skill level 5 in Shields
  3082 | D:4      | Reached skill level 6 in Long Blades
  3260 | D:4      | Reached XP level 8. HP: 13/70 MP: 8/8
  3568 | D:4      | HP: 1/70 [orc priest/divine providence (17)]
  3571 | D:4      | Killed from afar by an orc priest

Skill      XL: |  1  2  3  4  5  6  7 |
---------------+----------------------+-----
Fighting       | 4 5 |  5.7
Long Blades    | 3 4 5 6 |  6.6
Shields        | 4 5 |  5.2
Armour         | 4 |  4.7
Dodging        | 1 |  1.7

Action                   |  1- 3 |  4- 6 |  7- 9 || total
-------------------------+-------+-------+-------++-------
Melee: Long sword        |    62 |   176 |   242 ||   480
  Use: Potion            |       |     2 |       ||     2
       Scroll            |       |       |     6 ||     6
  Eat: Chunk             |       |     5 |     4 ||     9
Armor: Scale mail        |    32 |    67 |    79 ||   178
       Skin              |       |    20 |       ||    20
Dodge: Dodged            |    14 |    58 |    81 ||   153
Block: Shield            |    25 |    91 |   102 ||   218
       Rpst.: Long sword |     5 |    18 |    27 ||    50
